 Dungeon Crawl Stone Soup version 0.29-a0-322-g68df515428 (webtiles) character file.

Game seed: 7619518880729222219

139 101zpm the Skirmisher (level 5, -8/33 HPs)
             Began as a Gargoyle Fighter on Apr 8, 2022.
             Was a Believer of Cheibriados.
             Mangled by a gnoll
             ... wielding a +2 flail of protection
              (12 damage)
             ... on level 3 of the Dungeon.
             The game lasted 00:04:11 (2405 turns).

101zpm the Skirmisher (Gargoyle Fighter)            Turns: 2405, Time: 00:04:12

Health: -8/33      AC: 15    Str: 25    XL:     5   Next: 22%
Magic:  3/5        EV: 10    Int: 13    God:    Cheibriados [**....]
Gold:   141        SH:  5    Dex: 13    Spells: 4/4 levels left

rFire   . . .      SeeInvis .   k - +4 dagger (freeze)
rCold   . . .      Faith    .   c - +0 buckler
rNeg    + + .      Spirit   .   b - +0 scale mail
rPois   ∞          Reflect  .   (no helmet)
rElec   +          Harm     .   (no cloak)
rCorr   .          Rampage  .   (no gloves)
Will    .....                   (no boots)
Stlth   ..........              (no amulet)
HPRegen 0.11/turn               i - ring of positive energy
MPRegen 0.09/turn               j - +4 ring of protection

@: very slow
A: sickness immunity, AC +4, negative energy resistance 1, electricity
resistance, torment resistance 1, petrification resistance
a: Renounce Religion, Bend Time


You were on level 3 of the Dungeon.
You worshipped Cheibriados.
Cheibriados was pleased with you.
You visited 1 branch of the dungeon, and saw 3 of its levels.

You collected 141 gold pieces.

Inventory:

Hand Weapons
 a - a +0 flail
 k - a +4 dagger of freezing (weapon)
 n - a +0 hunting sling
Missiles
 l - 3 boomerangs (quivered)
 m - 65 stones
Armour
 b - a +0 scale mail (worn)
 c - a +0 buckler (worn)
Jewellery
 i - a ring of positive energy (left hand)
 j - a +4 ring of protection (right hand)
Scrolls
 f - a scroll of fear {unknown}
 g - 3 scrolls of identify {unknown}
 h - 2 scrolls of vulnerability {unknown}
 q - a scroll of amnesia {unknown}
 s - a scroll of teleportation {unknown}
Potions
 d - 2 potions of might
 e - 2 potions of curing {unknown}
 o - a potion of heal wounds {unknown}
 p - 2 potions of haste {unknown}
 r - 2 potions of magic {unknown}
 t - a potion of ambrosia {unknown}


   Skills:
 + Level 4.1 Fighting
 + Level 0.8 Short Blades
 + Level 3.2 Maces & Flails
 + Level 4.0 Armour
 + Level 1.0 Dodging
 + Level 0.2 Stealth
 + Level 3.6 Shields


You had 4 spell levels left.
You didn't know any spells.
Your spell library contained the following spells:

 Spells                   Type           Power      Damage    Failure   Level
 Static Discharge         Conj/Air       0%         N/A       80%         2
 Dispel Undead            Necr           0%         3d6       100%        4
 Sticky Flame             Conj/Fire      0%         2d3       100%        4


Dungeon Overview and Level Annotations

Branches:
Dungeon (3/15)

Altars:
Cheibriados


Innate Abilities, Weirdness & Mutations

You are immune to sickness and miasma.
Your stone body is resilient. (AC +4)
You are immune to poison.
You resist negative energy. (rN+)
You are resistant to electric shocks. (rElec)
You are resistant to unholy torment.
You are immune to petrification.


Message History

You are too injured to fight recklessly!
You are too injured to fight recklessly!
You are too injured to fight recklessly!
You are too injured to fight recklessly!
You are too injured to fight recklessly!
You are too injured to fight recklessly!
You are too injured to fight recklessly!
You are too injured to fight recklessly!
You are too injured to fight recklessly!
You are too injured to fight recklessly!
You are too injured to fight recklessly!
You are too injured to fight recklessly!
You are too injured to fight recklessly!
You are too injured to fight recklessly!
You are too injured to fight recklessly!
The gnoll attacks as you move away! The gnoll hits you but does no damage.
The gnoll hits you with a +0 whip.
The gnoll hits you with a +0 vorpal flail.
* * * LOW HITPOINT WARNING * * *
x2 The gnoll attacks as you move away!
The gnoll barely misses you. The gnoll hits you but does no damage.
The flow of time bends around you.
Cheibriados rebukes the gnoll.
The gnoll seems to slow down.
The gnoll attacks as you move away! You block the gnoll's attack.
The gnoll attacks as you move away! The gnoll hits you but does no damage.
The gnoll attacks as you move away!
The gnoll hits you with a +2 flail of protection.
* * * LOW HITPOINT WARNING * * *
The gnoll closely misses you. The gnoll attacks as you move away!
The gnoll hits you but does no damage. The gnoll attacks as you move away!
The gnoll closely misses you. The gnoll attacks as you move away!
The gnoll hits you but does no damage. The gnoll attacks as you move away!
The gnoll barely misses you. The gnoll attacks as you move away!
The gnoll hits you but does no damage. x2
The gnoll attacks as you move away! The gnoll barely misses you.
The gnoll is no longer moving slowly.
The gnoll attacks as you move away!
The gnoll hits you with a +2 flail of protection!
You die...

#. #.##########..
.............# .#
#..........#
...#..........#
#.............#
#...÷.......# ##
#..........# ###.
#.>.<@g...>########...
#.....gg..............
########.......##...#.
#######.##.####
#..#)#... ##...#.##
###.#.#.##
..##.........
....<......#.


You could see 3 gnolls.

Vanquished Creatures
  An iguana (D:3)
  5 adders
  A gnoll (D:3)
  A dart slug (D:1)
  2 ball pythons
  7 bats
  5 endoplasms
  4 giant cockroaches
  6 goblins
  8 hobgoblins
  5 jackals
  A quokka (D:1)
  2 frilled lizards
  2 kobolds
  4 rats (D:1)
54 creatures vanquished.

Notes
Turn   | Place    | Note
-------+----------+-------------------------------------------
     0 | D:1      | 101zpm the Gargoyle Fighter began the quest for the Orb.
     0 | D:1      | Reached XP level 1. HP: 14/14 MP: 1/1
   145 | D:1      | Reached XP level 2. HP: 19/19 MP: 2/2
   247 | D:1      | Found a faded altar of an unknown god.
   563 | D:1      | Reached XP level 3. HP: 24/24 MP: 3/3
  1429 | D:1      | Prayed at the altar of an unknown god.
  1429 | D:1      | Became a worshipper of Cheibriados the Contemplative
  1429 | D:1      | Reached * piety under Cheibriados
  1541 | D:2      | Reached XP level 4. HP: 29/29 MP: 4/4
  1897 | D:2      | Reached ** piety under Cheibriados
  2232 | D:3      | Reached XP level 5. HP: 21/33 MP: 5/5
  2382 | D:3      | Reached skill level 1 in Dodging
  2405 | D:3      | Mangled by a gnoll

Illustrated notes

Levels and vault maps discovered:
D:1:      dpeg_arrival_subterranean_lakeside_camping, layout_basic,
          shapermc_ecumenical_altar_venn, minmay_misc_feat_rugged, minivault_11,
          grunt_decor_cap, minmay_statues_item, kennysheep_decorative_pillar,
          item_on_display_a
D:2:      layout_basic
D:3:      layout_rooms

Skill      XL: |  1  2  3  4  5 |
---------------+----------------+-----
Maces & Flails | 3 |  3.2
Fighting       | 4 |  4.1
Armour         | 4 |  4.0
Dodging        | 1 |  1.0
Short Blades   | |  0.8
Stealth        | |  0.2
Shields        | |  3.6

Action                   |  1- 3 |  4- 6 || total
-------------------------+-------+-------++-------
Melee: Flail             |   102 |       ||   102
       Dagger            |    23 |    63 ||    86
Throw: Boomerang         |     2 |       ||     2
Invok: Bend Time         |       |     1 ||     1
Armor: Scale mail        |    70 |    33 ||   103
Dodge: Dodged            |    77 |    31 ||   108
Block: Buckler           |    28 |    17 ||    45

Table legend: (Time is in decaauts)
 A = Elapsed time spent in this place.
 B = Non-inter-level travel time spent in this place.
 C = Inter-level travel time spent in this place.
 D = Time resting spent in this place.
 E = Time spent auto-exploring this place.
 F = Levels seen in this place.
 G = Mean time per level.
                   A        B        C        D        E       F      G
               +--------+--------+--------+--------+--------+-----+--------+
         Total |   2705 |   2418 |    287 |      0 |   1990 |   3 |  901.7 |
       Dungeon |   2705 |   2418 |    287 |      0 |   1990 |   3 |  901.7 |
               +--------+--------+--------+--------+--------+-----+--------+

Top non-repeatable levels by time:
     D:1: 1475 daAuts
     D:2: 955 daAuts
     D:3: 274 daAuts
